 Dungeon Crawl Stone Soup version 0.27.1-34-g3ba077fa99 (webtiles) character file.

Game seed: 3802285018320385069

686 Ijustatesigmund the Skirmisher (level 7, -4/46 HPs)
             Began as a Gargoyle Fighter on Jan 28, 2022.
             Slain by an ice beast (13 damage)
             ... on level 5 of the Dungeon.
             The game lasted 00:07:04 (2503 turns).

Ijustatesigmund the Skirmisher (Gargoyle Fighter)   Turns: 2503, Time: 00:07:05

Health: -4/46      AC: 10    Str: 21    XL:     7   Next: 62%
Magic:  7/7        EV:  5    Int:  9    God:
Gold:   103        SH:  9    Dex:  9    Spells: 6/6 levels left

rFire    . . .     SeeInvis .   a - +0 flail
rCold    . . .     Faith    .   c - +0 kite shield
rNeg     + . .     Spirit   .   b - +0 chain mail
rPois    ∞         Reflect  .   (no helmet)
rElec    +         Harm     .   f - scarf {repulsion}
rCorr    .         Rampage  .   (no gloves)
Will     .....                  (no boots)
Stlth    ..........             i - amulet of regeneration
HPRegen  1.15/turn              (no ring)
MPRegen  0.10/turn              (no ring)

@: corroded, repel missiles
A: sickness immunity, AC +4, negative energy resistance 1, electricity
resistance, torment resistance 1, petrification resistance
a: no special abilities


You were on level 5 of the Dungeon.
You visited 1 branch of the dungeon, and saw 5 of its levels.
You also visited: Sewer.

You collected 103 gold pieces.

Inventory:

Hand Weapons
 a - a +0 flail (weapon)
Armour
 b - a +0 chain mail (worn)
 c - a +0 kite shield (worn)
 f - a scarf of repulsion (worn)
Jewellery
 i - an amulet of regeneration (around neck)
Wands
 d - a wand of flame (15)
Scrolls
 h - a scroll of magic mapping
 j - 2 scrolls of identify
Potions
 e - a potion of mutation
 g - a potion of brilliance
 k - a potion of flight


   Skills:
 + Level 6.0 Fighting
 + Level 5.9 Maces & Flails
 + Level 5.0 Armour
 - Level 3.2 Shields


You had 6 spell levels left.
You didn't know any spells.
Your spell library contained the following spells:

 Spells                   Type           Power      Damage    Failure   Level
 Gell's Gravitas          Tloc           0%         N/A       100%        3
 Teleport Other           Tloc           0%         N/A       100%        3
 Dispersal                Tloc           0%         N/A       100%        6


Dungeon Overview and Level Annotations

Branches:
Dungeon (5/15)              Sewer (visited)
 Temple: D:4-7

Altars:
Kikubaaqudgha
Ru


Innate Abilities, Weirdness & Mutations

You are immune to sickness and miasma.
Your stone body is resilient. (AC +4)
You are immune to poison.
You resist negative energy. (rN+)
You are resistant to electric shocks. (rElec)
You are resistant to unholy torment.
You are immune to petrification.


Message History

Found a ring mail.
Found 26 sling bullets and a potion of curing.
Found a ring mail.
Found 10 gold pieces.
The jelly jiggles.
You are no longer corroded.
You hit the jelly. The acid corrodes you!
Your hands burn!
The jelly is severely wounded.
The jelly hits you but does no damage.
You hit the jelly.
You kill the jelly!
Your Fighting skill increases to level 6!
You hit the ice beast.
The ice beast is lightly wounded.
The ice beast hits you but does no damage.
You block the ice beast's attack.
You hit the ice beast but do no damage.
The ice beast is lightly wounded.
The ice beast hits you. The ice beast freezes you!
You sock the ice beast!
The ice beast is heavily wounded.
The ice beast hits you. The ice beast freezes you!
You closely miss the ice beast.
The ice beast is heavily wounded.
You block the ice beast's attack. The ice beast hits you.
The ice beast freezes you!
* * * LOW HITPOINT WARNING * * *
You hit the ice beast.
The ice beast is severely wounded.
You block the ice beast's attack.
You barely miss the ice beast.
The ice beast is severely wounded.
The ice beast hits you but does no damage.
Okay, then.
You barely miss the ice beast.
The ice beast is severely wounded.
The ice beast barely misses you. The ice beast hits you.
* * * LOW HITPOINT WARNING * * *
The ice beast freezes you!
You die...

.. .. #.###### . #... ..#
#.# #..# #.# .. ## #..#
#.######.#
##.###.###.[$.....##.#
#####.#.##.....Y@........#
...........####...###.####
.###....##.# ##.##
#.......##.# #.#
.###....##.# ... #
##.#...#!# #...#
###..)....(# #...#
...........# #....
.##.....#..#


You could see an ice beast.

Vanquished Creatures
  Sigmund (D:2)
  A water moccasin (D:3)
  A kobold brigand (Sewer)
  A jelly (D:5)
  A bullfrog skeleton (D:4)
  An iguana (D:4)
  A scorpion zombie (D:3)
  2 orc wizards (D:3)
  A hound zombie (D:3)
  A hound skeleton (D:3)
  Robin (D:4)
  2 adders
  4 river rats
  2 adder zombies (D:3)
  An adder skeleton (D:3)
  3 worms
  A dart slug (D:2)
  3 orcs (D:3)
  10 ball pythons
  3 bats
  5 endoplasms
  3 giant cockroaches
  9 goblins
  11 hobgoblins
  A jackal (Sewer)
  9 kobolds
  4 quokkas
  3 frilled lizards
  A jackal skeleton (D:3)
  A quokka skeleton (D:3)
  7 rats
95 creatures vanquished.

Vanquished Creatures (others)
  5 withered plants (D:3)
5 creatures vanquished.

Grand Total: 100 creatures vanquished

Notes
Turn   | Place    | Note
-------+----------+-------------------------------------------
     0 | D:1      | Ijustatesigmund the Gargoyle Fighter began the quest for
                  | the Orb.
     0 | D:1      | Reached XP level 1. HP: 14/14 MP: 1/1
   302 | D:1      | Found a faded altar of an unknown god.
   408 | D:1      | Reached XP level 2. HP: 19/19 MP: 2/2
   843 | D:2      | Reached XP level 3. HP: 24/24 MP: 3/3
   881 | D:2      | Noticed Sigmund
   945 | D:2      | Killed Sigmund
   946 | D:2      | Reached skill level 4 in Fighting
   946 | D:2      | Reached XP level 4. HP: 30/30 MP: 4/4
   946 | D:2      | Reached XP level 5. HP: 34/34 MP: 5/5
   994 | D:2      | Found Moelieck's Armour Boutique.
  1388 | D:3      | Reached XP level 6. HP: 40/40 MP: 6/6
  1394 | D:3      | Reached skill level 5 in Maces & Flails
  1410 | D:3      | Reached skill level 5 in Fighting
  1487 | D:3      | Found a glowing drain.
  1498 | Sewer    | Entered a sewer
  1636 | Sewer    | Found a white marble altar of Elyvilon.
  1899 | D:3      | Found a sacrificial altar of Ru.
  2014 | D:3      | Reached XP level 7. HP: 44/44 MP: 7/7
  2386 | D:4      | Noticed Robin
  2413 | D:4      | Killed Robin
  2446 | D:4      | Reached skill level 5 in Armour
  2468 | D:5      | Entered Level 5 of the Dungeon
  2468 | D:5      | Found an ancient bone altar of Kikubaaqudgha.
  2468 | D:5      | Found the +10 morningstar "Eos" {elec, Halo rElec}
  2495 | D:5      | Reached skill level 6 in Fighting
  2503 | D:5      | Slain by an ice beast

Illustrated notes

Levels and vault maps discovered:
D:1:      amcnicky_arrival_blooded_trapdoor, layout_rooms,
          hellmonk_ecumenical_altar_zigzags
D:2:      layout_basic, serial_shops, shop, uniq_sigmund
D:3:      layout_basic, mainiacjoe_overflow_24_doors, portal_sewer_entry_e,
          serial_undead, serial_undead_a, serial_undead_d, serial_undead_b,
          serial_undead_d, minmay_unequal
D:4:      layout_loops_cross, minivault_25, uniq_robin
D:5:      layout_loops_cross, mainiacjoe_overflow_concentric_impassable,
          corexii_corridor_pit

Skill      XL: |  1  2  3  4  5  6  7 |
---------------+----------------------+-----
Maces & Flails | 3 4 5 |  5.9
Fighting       | 4 5 6 |  6.0
Armour         | 4 5 |  5.0
Shields        | |  3.2

Action                   |  1- 3 |  4- 6 |  7- 9 || total
-------------------------+-------+-------+-------++-------
Melee: Flail             |    69 |   225 |    83 ||   377
  Use: Scroll            |     4 |     5 |       ||     9
       Potion            |     2 |     3 |       ||     5
Armor: Scale mail        |     9 |       |       ||     9
       Chain mail        |    27 |   187 |    48 ||   262
Dodge: Dodged            |    18 |    53 |    23 ||    94
       Repelled          |       |     1 |       ||     1
Block: Kite shield       |    32 |   145 |    41 ||   218
